 Dungeon Crawl Stone Soup version 0.20-a0-1089-g3fde505 (webtiles) character file.

7084 crawlcharacter the Severer (level 10, -2/77 HPs)
             Began as a Minotaur Berserker on May 2, 2017.
             Was a High Priest of Trog.
             Slain by a death yak (17 damage)
             ... on level 8 of the Dungeon.
             The game lasted 00:15:38 (5469 turns).

crawlcharacter the Severer (Minotaur Berserker)     Turns: 5469, Time: 00:15:39

Health: -2/77      AC: 16    Str: 27    XL:     10   Next: 84%
Magic:  9/9        EV:  8    Int:  4    God:    Trog [*****.]
Gold:   397        SH:  6    Dex: 11    Spells: 9/9 levels left

rFire    . . .     SeeInvis .   a - +2 hand axe (elec)
rCold    . . .     Gourm    .   (no shield)
rNeg     . . .     Faith    .   A - +0 plate armour (curse)
rPois    +         Spirit   .   (helmet restricted)
rElec    .         Reflect  +   Q - +1 cloak {+Inv}
rCorr    .         Harm     .   x - +1 pair of gloves
MR       .....                  N - +0 pair of boots
Stlth    ..........             o - +6 amulet of reflection
Regen    0.3/turn               t - ring of poison resistance
MPRegen  0.2/turn               s - +3 ring of strength

@: no status effects
A: retaliatory headbutt, horns 2
a: Berserk, Trog's Hand, Brothers in Arms, Burn Spellbooks, Renounce Religion,
Evoke Invisibility


You were on level 8 of the Dungeon.
You worshipped Trog.
Trog was extremely pleased with you.
You were very hungry.

You visited 1 branch of the dungeon, and saw 9 of its levels.

You collected 421 gold pieces.
You spent 24 gold pieces at shops.

Inventory:

Hand Weapons
 a - a +2 hand axe of electrocution (weapon)
 H - a +4 morningstar of freezing
 I - a +0 battleaxe
 R - the +7 halberd "Usinil" {protect, rN+ Int+4, unknown}
   (You found it on level 8 of the Dungeon)

   It protects the one who uses it against injury (+AC on strike).
   It affects your intelligence (+4).
   It protects you from negative energy.
Missiles
 C - 4 tomahawks (quivered)
Armour
 x - a +1 pair of gloves (worn)
 A - a cursed +0 plate armour (worn)
 N - a +0 pair of boots (worn)
 Q - a +1 cloak of invisibility (worn)
Jewellery
 b - an uncursed ring of flight
 h - an uncursed ring of see invisible
 o - a +6 amulet of reflection (around neck)
 s - a +3 ring of strength (right hand)
 t - a ring of poison resistance (left hand)
 E - an uncursed amulet of the gourmand
Wands
 g - a wand of random effects (40/48)
 l - a wand of polymorph (13/24)
 u - a wand of random effects (25/48)
 v - a wand of enslavement (14/24)
 G - a wand of flame (10/48)
 P - a wand of clouds (5/9)
Scrolls
 e - 3 scrolls of enchant weapon
 n - a scroll of magic mapping
 r - 2 scrolls of remove curse
 y - a scroll of fog
 F - 3 scrolls of enchant armour
Potions
 m - a potion of agility
 p - 2 potions of might
 w - a potion of flight
 D - a potion of mutation {unknown}
 J - a potion of resistance {unknown}
 K - a potion of ambrosia {unknown}
 L - 2 potions of degeneration {unknown}
 M - 2 potions of curing
Comestibles
 c - 7 bread rations
 d - 29 fruits
 f - 3 meat rations
 T - 3 chunks of flesh


   Skills:
 - Level 3.6 Fighting
 * Level 18.4 Axes
 - Level 2.4 Armour
 - Level 2.1 Dodging


You had 9 spell levels left.
You didn't know any spells.

Dungeon Overview and Level Annotations

Branches:
Dungeon (9/15)             Temple (0/1) D:6            Lair (0/6) D:9
    Orc: D:9-12

Altars:
Ashenzari
Cheibriados
Dithmenos
Hepliaklqana
Makhleb
Ru
Sif Muna
Uskayaw
Wu Jian
Xom

Shops:
D:4 =   D:6 (   D:7 (   D:8 *:?**


Innate Abilities, Weirdness & Mutations

You reflexively headbutt those who attack you in melee.
You have a pair of horns on your head.


Message History

You feel forgetful for a moment.
The death yak gores you but does no damage.
A two-headed ogre comes into view. It is wielding two giant clubs.
The two-headed ogre shouts in stereo!
You're still recovering from your berserk rage.
There is a stone staircase leading up here.
You hit the death yak but do no damage. Your headbutt misses the death yak.
The death yak is lightly wounded.
The death yak gores you!
* * * LOW HITPOINT WARNING * * *
The death yak gores you but does no damage.
You climb upwards.
You recover from your berserk rage.
There is a stone staircase leading down here.
Okay, then.
Unknown command.
Unknown command.
Unknown command.
You feel better. The death yak gores you!
You die...

...................##....#.# #†..
.........................#.# #.##
.....................(...#.###...
.................................
.........................#.######
......##..........#..##..)..## #
...........#...#..#......)#..# #
..[...##..............∩#..##.####
......##.#####.Y@......(.........
########.### ###.................
#.....# ###...............
#.....# ##...........### #.....#
##.......)..# #.....###
#.#........#
#.......#######.#...#....###
#.....#.............#......#
#.....#########.......####..


You could see a death yak (inner flame).

Vanquished Creatures
  3 death yaks (D:9)
  3 two-headed ogres
  Maurice (D:8)
  A troll (D:5)
  2 hippogriffs
  Sigmund (D:2)
  Duvessa (D:4)
  4 ice beasts
  A sky beast (D:9)
  A phantom (D:8)
  2 ogres
  The ghost of JeffiDaFish the Firebug, an amateur DrFE (D:3)
  2 centaurs
  A big kobold (D:8)
  A bullfrog (D:6)
  A water moccasin zombie (D:7)
  A scorpion (D:8)
  Dowan (D:4)
  A water moccasin skeleton (D:4)
  3 killer bees (D:8)
  4 wights (D:6)
  2 howler monkeys
  3 crimson imps
  2 hounds
  2 orc wizards
  2 iguanas
  An orc priest (D:5)
  Ijyb (D:4)
  A worker ant (D:8)
  A hound zombie (D:5)
  A hound skeleton (D:6)
  Robin (D:4)
  2 gnolls
  5 adders
  3 shadow imps
  An ooze (D:4)
  3 worms (D:2)
  4 leopard geckos
  12 orcs
  2 ball pythons
  8 bats
  2 giant cockroaches
  16 goblins
  6 hobgoblins
  4 jackals
  8 kobolds
  6 quokkas
  7 frilled lizards
  A jackal skeleton (D:4)
  A jackal zombie (D:7)
  2 leopard gecko skeletons
  A quokka skeleton (D:6)
  9 rats
156 creatures vanquished.

Vanquished Creatures (others)
  An ogre (D:6)
  An iguana (D:6)
  A worker ant (D:6)
  An adder (D:6)
  An orc (D:6)
5 creatures vanquished.

Grand Total: 161 creatures vanquished

Notes
Turn   | Place    | Note
-------+----------+-------------------------------------------
     0 | D:1      | crawlcharacter the Minotaur Berserker began the quest for the Orb.
     0 | D:1      | Reached XP level 1. HP: 19/19 MP: 0/0
    20 | D:1      | Reached skill level 4 in Axes
   121 | D:1      | Reached XP level 2. HP: 16/26 MP: 1/1
   540 | D:2      | Reached ** piety under Trog
   540 | D:2      | Reached skill level 5 in Axes
   576 | D:2      | Reached XP level 3. HP: 24/31 MP: 2/2
   962 | D:2      | Noticed Sigmund
   976 | D:2      | Killed Sigmund
   976 | D:2      | Reached skill level 7 in Axes
   976 | D:2      | Reached XP level 4. HP: 9/39 MP: 3/3
   976 | D:2      | Reached XP level 5. HP: 11/45 MP: 4/4
  1232 | D:3      | Found a shadowy altar of Dithmenos.
  1420 | D:3      | Found a hazy altar of Hepliaklqana.
  1495 | D:3      | Found a sacrificial altar of Ru.
  1502 | D:3      | Reached *** piety under Trog
  1504 | D:3      | Reached skill level 8 in Axes
  1534 | D:3      | Noticed JeffiDaFish's ghost (amateur DrFE)
  1542 | D:3      | Killed JeffiDaFish's ghost
  1542 | D:3      | Reached XP level 6. HP: 51/51 MP: 5/5
  1815 | D:4      | Noticed Ijyb
  1827 | D:4      | Killed Ijyb
  1859 | D:4      | Reached skill level 9 in Axes
  1912 | D:4      | Found Zylacw's Jewellery Boutique.
  2010 | D:4      | Noticed Duvessa
  2013 | D:4      | Noticed Dowan
  2018 | D:4      | Killed Dowan
  2022 | D:4      | Killed Duvessa
  2022 | D:4      | Reached XP level 7. HP: 30/57 MP: 6/6
  2135 | D:4      | Reached skill level 10 in Axes
  2217 | D:4      | Noticed Robin
  2226 | D:4      | Killed Robin
  2302 | D:4      | Noticed a hippogriff
  2309 | D:4      | Killed a hippogriff
  2856 | D:5      | Entered Level 5 of the Dungeon
  2856 | D:5      | Found a burning altar of Makhleb.
  2864 | D:5      | Reached skill level 11 in Axes
  2877 | D:5      | Noticed a troll
  2883 | D:5      | Killed a troll
  2883 | D:5      | Reached XP level 8. HP: 42/64 MP: 7/7
  2992 | D:5      | Reached **** piety under Trog
  2995 | D:5      | Reached skill level 12 in Axes
  3076 | D:5      | Found a snail-covered altar of Cheibriados.
  3077 | D:5      | Found a hide-covered altar of Uskayaw.
  3121 | D:5      | Found an ornate altar of the Wu Jian Council.
  3318 | D:6      | Found a shimmering altar of Xom.
  3716 | D:6      | Reached skill level 13 in Axes
  4016 | D:6      | Found Kodur's Weapon Emporium.
  4066 | D:6      | Found a staircase to the Ecumenical Temple.
  4168 | D:7      | Noticed a hippogriff
  4179 | D:7      | Killed a hippogriff
  4179 | D:7      | Reached XP level 9. HP: 40/70 MP: 8/8
  4337 | D:7      | Found Racaitto's Weapon Emporium.
  4414 | D:7      | Reached skill level 14 in Axes
  4708 | D:7      | Found a deep blue altar of Sif Muna.
  4766 | D:8      | Found Eculeemn's General Store.
  4766 | D:8      | Found a shattered altar of Ashenzari.
  4785 | D:8      | Noticed a two-headed ogre
  4799 | D:8      | Killed a two-headed ogre
  4799 | D:8      | Reached skill level 15 in Axes
  4826 | D:8      | Found Viosmeag's Book Shop.
  4892 | D:8      | Found Batezu Pey's Assorted Antiques.
  5007 | D:8      | Identified the Collected Works on Dusty Ice
  5045 | D:8      | Found Vallass's Magic Scroll Emporium.
  5046 | D:8      | Noticed Maurice
  5047 | D:8      | Noticed a two-headed ogre
  5059 | D:8      | Killed a two-headed ogre
  5059 | D:8      | Reached skill level 16 in Axes
  5059 | D:8      | Reached XP level 10. HP: 77/77 MP: 9/9
  5062 | D:8      | Killed Maurice
  5076 | D:8      | Found Paehair's General Store.
  5086 | D:8      | Got a scorched halberd
  5100 | D:8      | Bought a scroll of identify for 24 gold pieces
  5162 | D:8      | Reached ***** piety under Trog
  5320 | D:9      | Noticed a two-headed ogre
  5327 | D:9      | Killed a two-headed ogre
  5327 | D:9      | Reached skill level 17 in Axes
  5367 | D:9      | Noticed a death yak
  5378 | D:9      | Killed a death yak
  5379 | D:9      | Noticed a death yak
  5380 | D:9      | Noticed a death yak
  5397 | D:9      | Killed a death yak
  5397 | D:9      | Reached skill level 18 in Axes
  5403 | D:9      | Noticed a death yak
  5413 | D:9      | Noticed a death yak
  5416 | D:9      | Killed a death yak
  5417 | D:9      | Noticed a death yak
  5462 | D:9      | Identified a scroll of acquirement
  5464 | D:9      | Noticed a two-headed ogre
  5469 | D:8      | Slain by a death yak

Vault maps used:
D:1:      minmay_arrival_solitary_statue
D:2:      wad_river_or_something, first_bread, serial_forest,
          infiniplex_forest_clump_curved, infiniplex_forest_lined_ring,
          infiniplex_forest_end_double, infiniplex_forest_corner_2,
          infiniplex_forest_straight_3, infiniplex_forest_lined_room_2,
          infiniplex_forest_lined_ring, infiniplex_forest_clump_large,
          infiniplex_forest_clump_C, uniq_sigmund
D:3:      overflow_temple_1_default, grunt_dithmenos_smoke_and_mirrors,
          nicolae_ru_great_annihilating_truth
D:4:      serial_shops, shop, dk_vineyard_3, uniq_ijyb, uniq_duvessa, uniq_robin
D:5:      cheibrodos_quashed, old_standard_altar,
          gammafunk_temple_overflow_statue, basic_altar, minmay_misc_feat_plants
D:6:      xom_confusion_cloud, minmay_temple_entry_fiery, serial_shops,
          kennysheep_little_box
D:7:      lemuel_blue_sif_altar, serial_shops, nicolae_shop_statue_plus
D:8:      ashenzari_conservatory_becter, serial_shops, shop, shop,
          nicolae_shop_statue_plus, nicolae_shop_waterfront, shop,
          blue_anna_alchemist, uniq_maurice
D:9:      dpeg_lair_monsters, minmay_misc_feat_alley

Skill      XL: |  1  2  3  4  5  6  7  8  9 10 |
---------------+-------------------------------+-----
Axes           | 4 5 7 8 9 11 13 16 18 | 18.4
Fighting       | |  3.6
Armour         | |  2.4
Dodging        | |  2.1

Action                   |  1- 3 |  4- 6 |  7- 9 | 10-12 || total
-------------------------+-------+-------+-------+-------++-------
Melee: Hand axe          |    89 |    70 |   185 |    72 ||   416
       Headbutt          |    11 |    10 |    29 |    21 ||    71
Throw: Javelin           |     1 |     3 |    15 |     7 ||    26
       Tomahawk          |       |       |       |     7 ||     7
Invok: Berserk           |     1 |     2 |     1 |     1 ||     5
       Burn Spellbooks   |       |       |     1 |       ||     1
  Use: Potion            |     1 |       |       |     2 ||     3
       Scroll            |       |     4 |     7 |    10 ||    21
  Eat: Chunk             |       |     5 |     8 |     3 ||    16
       Royal jelly       |       |       |     1 |       ||     1
Armor: Animal skin       |    10 |       |       |       ||    10
       Ring mail         |    10 |       |       |       ||    10
       Scale mail        |     9 |    20 |     7 |       ||    36
       Chain mail        |       |       |    35 |       ||    35
       Plate armour      |       |       |    25 |    24 ||    49
Dodge: Dodged            |    73 |    22 |    40 |    10 ||   145
Block: Other             |       |     4 |    42 |     8 ||    54
       Reflection        |       |       |     5 |       ||     5
